 Dungeon Crawl Stone Soup version 0.18-a0-796-g4b90cf5 (webtiles) character file.

270 Arkorax the Skirmisher (level 6, -2/50 HPs)
             Began as a Human Fighter on Dec 14, 2015.
             Was an Initiate of Gozag.
             Slain by Proton's ghost (15 damage)
             ... on level 4 of the Dungeon.
             The game lasted 00:04:49 (2768 turns).

Arkorax the Skirmisher (Human Fighter)              Turns: 2768, Time: 00:04:49

Health: -2/50      AC: 10    Str: 18    XL:     6   Next: 46%
Magic:  6/6        EV:  7    Int:  9    God:    Gozag
Gold:   19         SH:  0    Dex: 12    Spells: 0 memorised, 5 levels left

rFire  . . .     SeeInvis .     e - +3 spear
rCold  . . .     Clarity  .     k - +0 chain mail
rNeg   . . .     SustAt   .     (no shield)
rPois  .         Gourm    .     (no helmet)
rElec  .         Spirit   .     (no cloak)
rCorr  .         Dismiss  .     (no gloves)
rMut   .         Stasis   .     m - +0 pair of boots
MR     .....                    (no amulet)
Stlth  ..........               (no ring)
                                (no ring)

@: not resistant to hostile enchantments, extremely unstealthy
A: no striking features
a: Potion Petition, Call Merchant, Bribe Branch, Renounce Religion


You were on level 4 of the Dungeon.
You worshipped Gozag.
Gozag was noncommittal.
You were not hungry.

You visited 2 branches of the dungeon, and saw 5 of its levels.

You collected 57 gold pieces.
You paid 38 gold pieces to Gozag.

Inventory:

Hand Weapons
 a - a +0 long sword
 e - a +3 spear (weapon)
Armour
 c - a +0 shield
 k - a +0 chain mail (worn)
 m - a +0 pair of boots (worn)
Wands
 l - a wand of digging (20)
Scrolls
 g - 3 scrolls of identify {unknown}
 h - a scroll of teleportation {unknown}
 n - a scroll of remove curse {unknown}
 o - a scroll of random uselessness {unknown}
Potions
 d - a potion of heal wounds {unknown}
 i - a potion of curing {unknown}
 j - a potion of ambrosia {unknown}
 p - 2 potions of lignification {unknown}
Comestibles
 b - a meat ration
 f - 3 bread rations


   Skills:
 * Level 4.8 Fighting
 - Level 2.5 Long Blades
 * Level 3.4 Polearms
 + Level 3.8 Armour
 - Level 3.0 Shields


You had 5 spell levels left.
You didn't know any spells.

Dungeon Overview and Level Annotations

Branches:
Dungeon (4/15)             Temple (1/1) D:4

Altars:
Dithmenos
Gozag
Okawaru
Pakellas
Qazlal
Ru
Vehumet
Yredelemnul
Zin
The Shining One

Annotations:
D:4 Proton's ghost, amateur OgFi


Message History

The giant newt bites you but does no damage.
Proton's ghost hits you!
You open the door.
There is an open door here.
There is an oddly glowing altar of Pakellas here.
There is an open door here.
You hit Proton's ghost.
Proton's ghost is lightly damaged.
Proton's ghost hits you!
* * * LOW HITPOINT WARNING * * *
You are too injured to fight recklessly!
You are too injured to fight recklessly!
Your chain mail prevents you from hitting Proton's ghost.
Proton's ghost is lightly damaged.
Proton's ghost hits you but does no damage.
You hit Proton's ghost.
Proton's ghost is lightly damaged.
Proton's ghost hits you!
You die...
Your body crumbles into a pile of gold.

†.......# .##.....##########
#.##.## .##.....##.......#
....... .
........##.......#######%##.##.
.##.######.......#.........[..
............................#
.#######.......§≈.≈≈........#
.# #....##.≈#+#≈...P.P..# .#
#....##..@W'..#..>..## .#
#....###§#l#≈...P.P..## .#
#....###≈≈.≈≈##.......# .#
#######.................. .#
#.....##........### .#####
#.....##..#######
.....################..#
.......%...............#
#...........#..#.......#


You could see Proton's ghost and a giant newt.

Vanquished Creatures
  An ice beast (D:4)
  A centaur skeleton (D:4)
  Jessica (D:3)
  A worker ant (D:4)
  3 adders
  3 worms (D:2)
  An adder skeleton (D:4)
  A giant gecko (D:2)
  4 orcs
  8 bats
  5 giant cockroaches
  6 hobgoblins
  2 jackals (D:1)
  A quokka (D:3)
  3 ball pythons
  A giant newt (D:1)
  6 goblins
  9 kobolds
  9 rats
66 creatures vanquished.

Notes
Turn   | Place    | Note
--------------------------------------------------------------
     0 | D:1      | Arkorax the Human Fighter began the quest for the Orb.
     0 | D:1      | Reached XP level 1. HP: 18/18 MP: 1/1
   162 | D:1      | Reached XP level 2. HP: 20/24 MP: 2/2
   660 | D:1      | Reached XP level 3. HP: 29/29 MP: 3/3
   975 | D:2      | Reached skill level 1 in Polearms
  1095 | D:2      | Reached XP level 4. HP: 20/35 MP: 4/4
  1275 | D:2      | Found a shadowy altar of Dithmenos.
  1843 | D:3      | Noticed Jessica
  1852 | D:3      | Killed Jessica
  1852 | D:3      | Reached skill level 4 in Fighting
  1852 | D:3      | Reached XP level 5. HP: 29/42 MP: 5/5
  1974 | D:3      | Noticed a centaur
  1981 | D:4      | Noticed a troll
  1981 | D:4      | Noticed Proton's ghost (amateur OgFi)
  2272 | D:4      | Found an oddly glowing altar of Pakellas.
  2276 | D:4      | Found a staircase to the Ecumenical Temple.
  2279 | D:4      | Noticed an ice beast
  2295 | D:4      | Killed an ice beast
  2295 | D:4      | Reached XP level 6. HP: 39/49 MP: 6/6
  2452 | Temple   | Entered the Ecumenical Temple
  2709 | Temple   | Became a worshipper of Gozag Ym Sagoz the Greedy
  2768 | D:4      | Slain by Proton's ghost

Vault maps used:
D:1:      elethiomel_arrival_infinity_welcomes_careful_drivers, st_stairs_14,
          minmay_misc_feat_tower
D:2:      first_bread, grunt_ministairs_10, grunt_dithmenos_smoke
D:3:      grunt_temple_overflow_champion_of_chaos, uniq_jessica,
          uniq_crazy_yiuf_cottage
D:4:      kennysheep_mini_moat, minmay_temple_entry_trees, serial_shops, shop
Temple:   hc_temple_tempest_star

Action                   |  1- 3 |  4- 6 || total
-------------------------+-------+-------++-------
Melee: Long sword        |    21 |       ||    21
       Spear             |    77 |   114 ||   191
  Use: Potion            |       |     1 ||     1
  Eat: Chunk             |     1 |     3 ||     4
       Bread ration      |       |     1 ||     1
